 Dungeon Crawl Stone Soup version 0.31-a0-240-gb923e448b6 (webtiles) character file.

Game seed: 7057494210963828438

149 qw the Shooter (level 5, -2/30 HPs)
             Began as a Gargoyle Hexslinger on July 12, 2023.
             Slain by a kobold brigand
             ... wielding a +0 club
              (6 damage)
             ... in a sewer.
             The game lasted 00:00:59 (1511 turns).

qw the Shooter (Gargoyle Hexslinger)                Turns: 1511, Time: 00:01:00

Health: -2/30      AC:  7    Str: 12      XL:     5   Next: 31%
Magic:  6/6        EV: 12    Int: 11 (13) God:
Gold:   130        SH:  5    Dex: 14      Spells: 5/6 levels left

rFire   . . .        Y - +1 sling
rCold   . . .        (no shield)
rNeg    + . .        c - +0 robe
rPois   inf          h - +0 helmet
rElec   +            (no cloak)
rCorr   .            (no gloves)
SInv    .            (no boots)
Will    .....        i - amulet of reflection
Stlth   +            (no ring)
HPRegen 0.25/turn    (no ring)
MPRegen 0.10/turn

%: reflection
@: very slow
A: sickness immunity, AC +4, negative energy resistance 1, electricity
resistance, torment resistance 1, petrification resistance
a: no special abilities


You were in a sewer.
You visited 1 branch of the dungeon, and saw 3 of its levels.
You also visited: Sewer.

You collected 130 gold pieces.


Innate Abilities, Weirdness & Mutations

You are immune to sickness and miasma.
Your stone body is resilient. (AC +4)
You are immune to poison.
You resist negative energy. (rN+)
You are resistant to electric shocks. (rElec)
You are resistant to unholy torment.
You are immune to petrification.


   Skills:
 + Level 2.3 Fighting
 - Level 5.0 Ranged Weapons
 - Level 1.5 Dodging
 - Level 1.0 Spellcasting
 - Level 2.6 Hexes


You had 5 spell levels left.
You knew the following spells:

 Your Spells              Type           Power      Damage    Failure   Level
a - Slow                  Hex            24%        N/A       11%         1

Your spell library contained the following spells:

 Spells                   Type           Power      Damage    Failure   Level
 Inner Flame              Hex/Fire       3%         N/A       50%         3
 Portal Projectile        Hex/Tloc       6%         N/A       50%         3
 Cause Fear               Hex            3%         N/A       71%         4

Inventory:

Hand Weapons
 Y - a +1 sling (weapon)
Armour
 c - a +0 robe (worn)
 h - a +0 helmet (worn)
Jewellery
 i - an amulet of reflection (around neck)
Scrolls
 d - a scroll of identify
Potions
 b - a potion of enlightenment
 f - a potion of lignification {unknown}
 g - a potion of curing
 j - a potion of magic {unknown}

Dungeon Overview and Level Annotations

Branches:
Dungeon (3/15)              Sewer (1/1)

Altars:


Message History

The adder is lightly wounded.
The adder barely misses you.
You shoot a sling bullet.
The sling bullet barely misses the adder.
The adder barely misses you. You block the adder's attack.
A kobold brigand comes into view.
It is wielding a +0 club and quivering poisoned darts.
You shoot a sling bullet. The kobold brigand shouts!
The sling bullet hits the adder!
The adder is severely wounded.
The adder bites you but does no damage.
You shoot a sling bullet.
The sling bullet closely misses the adder.
You hear an angry hiss.
The adder closely misses you.
A frilled lizard comes into view.
The jackal bites the plant.
The plant begins to die.
You block the adder's attack.
You shoot a sling bullet. The sling bullet hits the adder!
You kill the adder!
You shoot a sling bullet.
The sling bullet hits the frilled lizard.
You kill the frilled lizard!
A nearby plant withers and dies.
You shoot a sling bullet.
The sling bullet hits the jackal but does no damage.
You shoot a sling bullet. The sling bullet hits the jackal.
The jackal is severely wounded.
The jackal splashes around in the water.
The jackal barely misses you.
You shoot a sling bullet. The sling bullet hits the jackal.
You kill the jackal!
You shoot a sling bullet.
The sling bullet hits the kobold brigand.
The kobold brigand is lightly wounded.
You shoot a sling bullet.
The sling bullet hits the kobold brigand!
The kobold brigand is moderately wounded.
The kobold brigand hits you with a +0 club.
You die...

. ..~ .
.~...######..~~
....P~K@~~~.\.~
.~~~.######.P~~
..~ ~ ~


You could see a kobold brigand.

Vanquished Creatures
  A howler monkey (D:3)
  4 adders
  A dart slug (D:3)
  2 orcs (D:3)
  2 bats
  6 endoplasms
  2 giant cockroaches
  4 goblins (D:1)
  5 hobgoblins
  10 jackals
  9 kobolds
  11 ball pythons
  3 frilled lizards
  5 rats
65 creatures vanquished.

Notes
Turn   | Place    | Note
-------+----------+-------------------------------------------
     0 | D:1      | qw the Gargoyle Hexslinger began the quest for the Orb.
     0 | D:1      | Reached XP level 1. HP: 12/12 MP: 2/2
     0 | D:1      | 0 ||| qw: Version: 0.3-a-52-g30416fa
     0 | D:1      | 0 ||| qw: Game counter: 6162
     0 | D:1      | 0 ||| qw: Melee chars always use a shield: true
     0 | D:1      | 0 ||| qw: God list: Okawaru
     0 | D:1      | 0 ||| qw: Allow faded altars: false
     0 | D:1      | 0 ||| qw: Do Orc after clearing Dungeon:15 true
     0 | D:1      | 0 ||| qw: Do second Lair branch before Depths: true
     0 | D:1      | 0 ||| qw: Lair rune preference: random
     0 | D:1      | 0 ||| qw: Goals: Normal
     0 | D:1      | 0 ||| PLANNING D:1-11
   110 | D:1      | Reached XP level 2. HP: 16/16 MP: 3/3
   127 | D:1      | Reached skill level 3 in Ranged Weapons
   143 | D:1      | 143 ||| FLEEEEING.
   144 | D:1      | 144 ||| FLEEEEING.
   145 | D:1      | 145 ||| FLEEEEING.
   146 | D:1      | 146 ||| FLEEEEING.
   147 | D:1      | 147 ||| FLEEEEING.
   148 | D:1      | 148 ||| FLEEEEING.
   149 | D:1      | 149 ||| FLEEEEING.
   150 | D:1      | 150 ||| FLEEEEING.
   151 | D:1      | 151 ||| FLEEEEING.
   152 | D:1      | 152 ||| FLEEEEING.
   153 | D:1      | 153 ||| FLEEEEING.
   156 | D:1      | 156 ||| FLEEEEING.
   157 | D:1      | 157 ||| FLEEEEING.
   192 | D:1      | HP: 3/16 [jackal (3)]
   282 | D:1      | Reached XP level 3. HP: 21/21 MP: 4/4
   302 | D:1      | HP: 5/21 [frozen (1)]
   305 | D:1      | HP: 1/21 [jackal (3)]
   316 | D:1      | HP: 2/21 [jackal (2)]
   380 | D:1      | 380 ||| FLEEEEING.
   651 | D:1      | 651 ||| UPGRADING to +0 helmet.
   656 | D:1      | 656 ||| READING scroll labelled BENLIN YHIO.
   657 | D:1      | 657 ||| READING scroll labelled LUHOLIE HEYJ.
   658 | D:1      | 658 ||| READING scroll labelled DYIWKI ZATUO.
   659 | D:1      | 659 ||| READING 2 scrolls labelled JIDUILUHUPPO.
   663 | D:1      | 663 ||| DROPPING scroll of poison.
  1112 | D:2      | Identified the +5 rapier of Wyrd {vamp, rPois MP+9 Str-4
                  | Dex-2}
  1217 | D:2      | 1217 ||| UPGRADING to amulet of reflection.
  1222 | D:2      | 1222 ||| READING scroll labelled FEWUGE RIOROU.
  1223 | D:2      | 1223 ||| DRINKING 2 murky brown potions.
  1224 | D:2      | 1224 ||| DRINKING 4 murky white potions.
  1225 | D:2      | 1225 ||| DROPPING 3 potions of degeneration.
  1256 | D:3      | 1256 ||| PLANNING SEWER
  1281 | D:3      | Reached XP level 4. HP: 26/26 MP: 5/5
  1323 | D:3      | Reached skill level 4 in Ranged Weapons
  1360 | D:3      | Found a glowing drain.
  1363 | D:3      | 1363 ||| READING scroll labelled BAIMMY CECY.
  1364 | D:3      | 1364 ||| DRINKING 2 ruby potions.
  1416 | D:3      | 1416 ||| Stepping ~*~*~tactically~*~*~ (water).
  1419 | D:3      | 1419 ||| Stepping ~*~*~tactically~*~*~ (water).
  1427 | Sewer    | Entered a sewer
  1440 | Sewer    | Reached XP level 5. HP: 29/30 MP: 6/6
  1464 | Sewer    | Reached skill level 5 in Ranged Weapons
  1465 | Sewer    | 1465 ||| FLEEEEING.
  1475 | Sewer    | Noticed a kobold brigand
  1496 | Sewer    | HP: 6/30 [kobold brigand/+0 whip of venom (3)]
  1497 | Sewer    | 1497 ||| READING scroll of teleportation.
  1497 | Sewer    | HP: 1/30 [kobold brigand/+0 whip of venom (5)]
  1502 | Sewer    | Noticed a kobold brigand
  1511 | Sewer    | Slain by a kobold brigand

Levels and vault maps discovered:
D:1:      lemuel_arrival_muddy, layout_basic, solitary_fountain, st_stairs_11
D:2:      layout_loops_ring
D:3:      layout_loops_ring, cheibrodos_sewer_entry_drain,
          kennysheep_generic_room_9
Sewer:    sewer_co_scattered_pipes

Skill      XL: |  1  2  3  4  5 |
---------------+----------------+-----
Ranged Weapons | 3 4 5 |  5.0
Fighting       | 2 |  2.3
Dodging        | |  1.5
Spellcasting   | |  1.0
Hexes          | |  2.6

Action                     |  1- 3 |  4- 6 || total
---------------------------+-------+-------++-------
   Fire: Sling             |   146 |   115 ||   261
    Use: Scroll            |     5 |     2 ||     7
         Potion            |     2 |     1 ||     3
 Armour: Robe              |    50 |    26 ||    76
  Dodge: Dodged            |   126 |    53 ||   179
  Block: Other             |       |    20 ||    20

Table legend:
 A = Non-vault XP
 B = Vault XP
 C = Vault XP percentage of total XP
 D = Non-vault monster count
 E = Vault monster count
 F = Vault count percentage of total count
                 A         B        C        D         E       F
            +---------+---------+-------+---------+---------+-------
      Total |     150 |      64 |  29.9 |      48 |      17 |  26.2
            +---------+---------+-------+---------+---------+-------
        D:1 |      48 |       8 |  14.3 |      27 |       4 |  12.9
        D:2 |      16 |       0 |   0.0 |      11 |       0 |   0.0
        D:3 |      86 |       4 |   4.4 |      10 |       3 |  23.1
      Sewer |       0 |      52 | 100.0 |       0 |      10 | 100.0
            +---------+---------+-------+---------+---------+-------
